 Dungeon Crawl Stone Soup version 0.18-a0-1443-ge8f1551 (webtiles) character file.

240 Tomstefer the Destroyer (level 6, -1/32 HPs)
             Began as a Tengu Conjurer on Feb 29, 2016.
             Killed by divine providence
             ... invoked by an orc priest
              (8 damage)
             ... on level 3 of the Dungeon.
             The game lasted 00:08:27 (2968 turns).

Tomstefer the Destroyer (Tengu Conjurer)            Turns: 2968, Time: 00:08:27

Health: -1/32      AC:  4    Str:  8    XL:     6   Next: 8%
Magic:  0/11       EV: 12    Int: 17    God:
Gold:   78         SH:  0    Dex: 15    Spells: 2 memorised, 8 levels left

rFire  . . .     SeeInvis .     l - +0 whip
rCold  . . .     Gourm    .     d - +0 leather armour
rNeg   . . .     Faith    .     (no shield)
rPois  .         Spirit   .     (helmet restricted)
rElec  .         Dismiss  .     (no cloak)
rCorr  .         Reflect  .     j - +0 pair of gloves
SustAt .         Harm     .     (boots unavailable)
MR     .....                    (no amulet)
Stlth  ++........               (no ring)
                                (no ring)

@: not resistant to hostile enchantments, unstealthy
A: beak, talons 3, able to fly 1
a: Fly


You were on level 3 of the Dungeon.
You were hungry.

You visited 1 branch of the dungeon, and saw 3 of its levels.

You collected 78 gold pieces.

Inventory:

Hand Weapons
 l - a +0 whip (weapon)
Armour
 d - a +0 leather armour (worn)
 j - a +0 pair of gloves (worn)
Scrolls
 e - a scroll of immolation {unknown}
 f - 3 scrolls of amnesia {unknown}
 k - 3 scrolls of identify {unknown}
 m - 2 scrolls of remove curse {unknown}
 o - a scroll of teleportation {unknown}
Potions
 g - 2 potions of agility {unknown}
 h - a potion of brilliance {unknown}
 i - a potion of magic {unknown}
 p - a potion of heal wounds {unknown}
 q - 2 potions of haste {unknown}
Books
 b - a book of Conjurations

   Spells                             Type                      Level
   a - Magic Dart                     Conjuration                  1
   b - Searing Ray                    Conjuration                  2
   c - Dazzling Spray                 Conjuration/Hexes            3
   d - Fulminant Prism                Conjuration/Hexes            4
   e - Iskenderun's Mystic Blast      Conjuration                  4
   f - Iskenderun's Battlesphere      Conjuration/Charms           5
Comestibles
 a - 4 chunks of flesh
 c - 3 bread rations
 n - a meat ration


   Skills:
 + Level 3.0 Dodging
 - Level 2.0 Stealth
 - Level 3.0 Spellcasting
 * Level 8.3 Conjurations


You had 8 spell levels left.
You knew the following spells:

 Your Spells              Type           Power        Failure   Level  Hunger
a - Magic Dart            Conj           ####         1%          1    None
b - Searing Ray           Conj           ####..       1%          2    ##.....


Dungeon Overview and Level Annotations

Branches:
Dungeon (3/15)

Altars:
Trog


Innate Abilities, Weirdness & Mutations

You have a beak for a mouth.
You have claws for feet.
You can fly.


Message History

Press: ? - help, Shift-Dir - straight line, f - orc priest
Aim: an orc priest, wielding a club and wearing a ring mail The searing ray misses the orc priest.
The orc priest barely misses you.
You closely miss the orc priest.
The orc priest looks braver for a moment.
You barely miss the orc priest. Your peck misses the orc priest.
The orc priest casts a cantrip, but nothing happens.
The orc priest calls down the wrath of Beogh upon you.
Pain shoots through your body!
* * * LOW HITPOINT WARNING * * *
Casting: Searing Ray
Confirm with . or Enter, or press ? or * to list all spells.
Aiming: Magic Dart
Press: ? - help, Shift-Dir - straight line, f/p - orc priest
Aim: an orc priest, wielding a club and wearing a ring mail The magic dart hits the orc priest.
The orc priest misses you.
The orc priest calls down the wrath of Beogh upon you.
Beogh smites you!
You die...

##########.#.######
#.#.# #####.#.###
#.........#
..#######.###.#.#.#
#...<[).o.....#.#.#
....#####.#####.#.#
# #.# #.#.# #@#
#.... #.# ###.# #.#
.# ... #.# #.# #..
###


You could see an orc priest.

Vanquished Creatures
  An orc priest (D:3)
  Natasha (thrice) (D:2)
  5 adders
  An ooze (D:1)
  2 dart slugs
  4 giant geckos
  7 orcs (D:3)
  8 bats
  7 giant cockroaches
  5 goblins (D:1)
  6 hobgoblins
  6 jackals (D:1)
  A quokka (D:3)
  5 giant newts
  9 kobolds
  3 rats
  A plant (D:2)
74 creatures vanquished.

Notes
Turn   | Place    | Note
--------------------------------------------------------------
     0 | D:1      | Tomstefer the Tengu Conjurer began the quest for the Orb.
     0 | D:1      | Reached XP level 1. HP: 10/10 MP: 4/4
    87 | D:1      | Reached XP level 2. HP: 15/15 MP: 0/6
   304 | D:1      | Reached skill level 6 in Conjurations
   442 | D:1      | Reached XP level 3. HP: 19/19 MP: 4/7
  1251 | D:2      | Reached XP level 4. HP: 24/24 MP: 4/9
  1500 | D:2      | Noticed Natasha
  1506 | D:2      | Killed Natasha
  1506 | D:2      | Reached skill level 7 in Conjurations
  1559 | D:2      | Learned a level 2 spell: Searing Ray
  1857 | D:2      | Gained mutation: You can fly. [Tengu growth]
  1857 | D:2      | Reached XP level 5. HP: 28/28 MP: 8/10
  2017 | D:2      | Noticed Natasha
  2029 | D:2      | Killed Natasha
  2150 | D:2      | Found a bloodstained altar of Trog.
  2317 | D:2      | Noticed Natasha
  2320 | D:2      | Killed Natasha
  2636 | D:3      | Reached skill level 8 in Conjurations
  2836 | D:3      | Reached XP level 6. HP: 26/32 MP: 6/11
  2968 | D:3      | Killed from afar by an orc priest

Vault maps used:
D:1:      noname_arrival_rooms_in_the_neighbourhood
D:2:      lightli_temple_of_fire, minmay_misc_feat_hallway,
          minmay_crystal_water, hangedman_decor_growths,
          lexackson_kobold_supper, uniq_natasha
D:3:      minmay_door_path, uniq_jessica, uniq_iyjb

Skill      XL: |  1  2  3  4  5  6 |
---------------+-------------------+-----
Conjurations   | 6 7 8 |  8.3
Spellcasting   | 3 |  3.0
Dodging        | 3 |  3.0
Stealth        | |  2.0

Action                   |  1- 3 |  4- 6 || total
-------------------------+-------+-------++-------
Melee: Dagger            |     2 |       ||     2
       Whip              |     2 |    16 ||    18
 Cast: Magic Dart        |    64 |    78 ||   142
       Searing Ray       |       |     6 ||     6
  Eat: Chunk             |     2 |     5 ||     7
